 Dungeon Crawl Stone Soup version 0.30.0-20-g3615ddf2f0 (webtiles) character file.

Game seed: 11673713424701164402

84158 qw the Severer (level 15, -13/78 HPs)
             Began as a Gargoyle Fighter on June 1, 2023.
             Was a High Priest of Okawaru.
             Killed from afar by a hellephant (29 damage)
             ... with a blast of flame
             ... on level 2 of the Abyss.
             The game lasted 00:11:21 (20394 turns).

qw the Severer (Gargoyle Fighter)                  Turns: 20394, Time: 00:11:21

Health: -13/78     AC: 43    Str: 22      XL:     15   Next: 79%
Magic:  18/18      EV: 10    Int:  8 (10) God:    Okawaru [*****.]
Gold:   1776       SH:  6    Dex:  5      Spells: 14/14 levels left

rFire   + . .        j - +3 broad axe (vamp)
rCold   + . .        c - +0 buckler
rNeg    + . .        x - +3 chain mail {rF+}
rPois   inf          C - +0 helmet of Birain {Rampage *Slow rElec Regen+}
rElec   +            (no cloak)
rCorr   +            B - +2 pair of gloves
SInv    .            b - +2 pair of boots
Will    +....        f - amulet of faith Stlth
                     a - +4 ring of protection
HPRegen 1.93/turn    s - ring of protection from fire
MPRegen 0.16/turn

%: slow self (1%), rampage, faith
@: resistant, heroic, flying, unable to read, unable to drink
A: sickness immunity, AC +11, big wings, negative energy resistance 1,
electricity resistance, torment resistance 1, petrification resistance,
iridescent scales 1, regeneration 1, [clumsy 2], [frail 2], [low MP 2], [weak
2], [heat vulnerability 2], [inability to drink after injury 2], [inability to
read after injury 2]
a: Renounce Religion, Heroism, Finesse, Duel


You were on level 2 of the Abyss.
You worshipped Okawaru.
Okawaru was extremely pleased with you.
You visited 3 branches of the dungeon, and saw 21 of its levels.
You visited the Abyss 1 time.
You also visited: Sewer and Gauntlet.

You collected 1776 gold pieces.


Innate Abilities, Weirdness & Mutations

You are immune to sickness and miasma.
Your stone body is resilient. (AC +11)
You are immune to poison.
Your large and strong wings let you fly.
You resist negative energy. (rN+)
You are resistant to electric shocks. (rElec)
You are resistant to unholy torment.
You are immune to petrification.
You are partially covered in iridescent scales. (AC +2)
Your natural rate of healing is unusually fast.
[You are very clumsy. (Dex -4)]
[You are very frail. (-20% HP)]
[Your magical capacity is very low. (-20% MP)]
[You are very weak. (Str -4)]
[You are very vulnerable to heat. (rF--)]
[You sometimes lose the ability to drink potions when taking damage.]
[You sometimes lose the ability to read scrolls when taking damage.]


   Skills:
 - Level 13.0(18.0) Fighting
 - Level 17.5(22.5) Axes
 - Level 7.1(12.1) Throwing
 + Level 10.7(15.7) Armour
 - Level 3.0(8.0) Dodging
 - Level 8.1(13.1) Shields
 - Level 10.0 Invocations


You had 14 spell levels left.
You didn't know any spells.
Your spell library was empty.

Inventory:

Hand Weapons
 h - a +1 demon whip of venom
 j - a +3 vampiric broad axe (weapon)
Missiles
 u - 20 boomerangs (quivered)
Armour
 b - a +2 pair of boots (worn)
 c - a +0 buckler (worn)
 n - the +4 steam dragon scales of the Valley {rC+}
   (Okawaru gifted it to you on level 11 of the Dungeon)

   rC:        It protects you from cold.
 p - a +0 plate armour
 x - a +3 chain mail of fire resistance (worn)
 B - a +2 pair of gloves (worn)
 C - the +0 helmet of Birain (worn) {Rampage *Slow rElec Regen+}
   (Okawaru gifted it to you on level 4 of the Lair of Beasts)

   rElec:     It insulates you from electricity.
   Regen:     It increases your rate of health regeneration.
   *Slow:     It may slow you when you take damage.
   Rampage:   It bestows one free step when moving towards enemies.
 E - a +8 chain mail of ponderousness
Jewellery
 a - a +4 ring of protection (left hand)
 f - an amulet of faith (around neck)
 g - a ring of resist corrosion
 l - an amulet of reflection
 r - a ring of protection from fire
 s - a ring of protection from fire (right hand)
 D - a ring of ice
 G - a ring of positive energy
Wands
 A - a wand of digging (10)
Scrolls
 i - a scroll of identify
 q - 5 scrolls of teleportation
 y - a scroll of enchant armour
Potions
 d - 6 potions of might
 e - a potion of magic
 k - 4 potions of haste
 m - 2 potions of attraction
 o - 4 potions of lignification
 t - 2 potions of mutation
 v - 6 potions of curing
 w - a potion of cancellation
 z - 2 potions of heal wounds
 F - 2 potions of resistance

Dungeon Overview and Level Annotations

Branches:
Dungeon (15/15)            Temple (1/1) D:5            Lair (5/5) D:9
 Shoals (0/4) Lair:2        Snake (0/4) Lair:3        Slime (0/5) Lair:5
    Orc (0/2) D:10         Vaults (0/5) D:13          Sewer (visited)
Gauntlet (visited)
 Depths: D:15

Altars:
Ashenzari
Cheibriados
Dithmenos
Elyvilon
Fedhas
Gozag
Hepliaklqana
Kikubaaqudgha
Makhleb
Nemelex Xobeh
Okawaru
Qazlal
Ru
Sif Muna
Trog
Uskayaw
Vehumet
Wu Jian
Xom
Yredelemnul
Zin
The Shining One
Jiyva

Shops:
D:12 :

Annotations:
D:2 1 runed translucent door, Crazy Yiuf
D:13 2 runed translucent doors, qw's ghost, journeyman GrFi
Lair:2 1 runed translucent door, Haraddelas's ghost, journeyman OpTm
Lair:5 3 runed translucent doors, qw's ghost, journeyman GrFi


Message History

The lance of force hits you.
You are knocked back by the lance of force.
You collide with the hellephant!
The hellephant is severely wounded.
You hit the hellephant but do no damage.
The hellephant is severely wounded.
You slash the wretched star! You slash the lurking horror!
Your body is wracked with pain!
You slash the hellephant!
The hellephant is severely wounded.
You slash the neqoxec! You closely miss the wretched star.
The hellephant tramples you but does no damage.
The hellephant bites you but does no damage.
The hellephant misses you.
An apocalypse crab comes into view.
The neqoxec gestures at you.
Strange energies course through your body.
You closely miss the hellephant.
The hellephant is severely wounded.
You hit the wretched star. You miss the neqoxec.
The hellephant blinks!
The wretched star glows turbulently.
The lance of force misses you.
You barely miss the wretched star.
The wretched star is severely damaged.
You hit the neqoxec. The neqoxec completely misses you.
You slash the wretched star!
The wretched star is almost destroyed.
You slash the neqoxec!
You kill the neqoxec!
Okawaru accepts your kill.
The wretched star pulses with an eldritch light!
You feel less energetic. x2
You slash the wretched star!
The wretched star is almost destroyed.
You hit the hellephant. The hellephant breathes flames at you.
The blast of flame hits you!! You resist.
You die...

8......# .
##..##.#### ...
....t...#(##... #
v. ##.......... #
##........... #
#.###.#..........
....
...........(.......
# # # #
#.....*.......
#.#.##.@....... ###
##...Y...... #.
....##..#...# #
##...## ##.##.#
#..# . ... . ....
.# #... .#... ..
#.#. #.#.. ....#.
.. . ## . .


You could see a hellephant (catching breath), a wretched star and an apocalypse
crab.

Vanquished Creatures
  Rupert (Lair:3)
  Kirke (D:12)
  A dire elephant (Lair:5)
  A minotaur (Gauntlet)
  2 hydras
  4 catoblepae
  Harold (D:9)
  Fannar (Lair:3)
  4 centaur warriors
  4 boulder beetles
  An ogre mage (D:15)
  12 two-headed ogres
  13 death yaks
  Amaemon (Lair:3)
  A skyshark (Lair:3)
  Nergalle (D:12)
  A spatial maelstrom (Abyss:2)
  A deep troll (shapeshifter) (D:15)
  A wizard (D:15)
  A glowing orange brain (Abyss:2)
  A lindwurm (Lair:5)
  4 deep elf pyromancers
  21 ugly things
  3 necromancers
  A wolf spider (D:15)
  3 manticores
  5 cyclopes
  An ice statue (Lair:2)
  3 black mambas
  2 merfolk sirens (Lair:2)
  2 elephants (Lair:5)
  An orange demon (Lair:3)
  A torpor snail (Lair:5)
  18 cane toads
  An unseen horror (D:13)
  2 gargoyles
  2 efreet (D:15)
  A freezing wraith (Lair:2)
  3 yaktaurs (D:15)
  A minotaur zombie (Gauntlet)
  3 rime drakes
  A merfolk (Lair:2)
  2 queen bees (Gauntlet)
  4 polar bears
  5 trolls
  12 blink frogs
  10 dream sheep
  A small abomination (Abyss:2)
  2 shadows (D:10)
  Sigmund (D:5)
  5 wyverns
  5 slime creatures (D:13)
  2 wraiths
  3 hogs (D:12)
  36 yaks
  A human (D:12)
  A steam dragon (D:8)
  2 basilisks
  A neqoxec (Abyss:2)
  12 vampire mosquitoes
  A spatial vortex (Abyss:2)
  An acid dragon (D:14)
  23 water moccasins
  3 orc warriors
  5 black bears
  Pargi (Sewer)
  A swamp drake (D:10)
  9 ice beasts
  2 ogres
  An ogre (shapeshifter) (D:15)
  18 wolves
  5 centaurs
  A phantom (D:5)
  Blork the orc (D:5)
  6 bullfrogs
  5 scorpions
  12 killer bees
  An electric eel (D:13)
  6 howler monkeys
  4 hounds
  8 orc priests
  3 gnoll boudas
  A jelly (D:4)
  5 iguanas
  15 orc wizards
  A hell rat (Lair:5)
  A boggart simulacrum (D:13)
  Robin (D:2)
  9 gnolls
  12 adders
  3 white imps (Lair:2)
  4 ufetubi
  3 worms
  6 dart slugs
  44 orcs
  6 bats
  2 endoplasms
  6 giant cockroaches
  12 goblins
  17 hobgoblins
  8 quokkas
  8 ball pythons
  4 frilled lizards
  7 kobolds
  5 rats
  A lurking horror (Abyss:2)
536 creatures vanquished.

Vanquished Creatures (others)
  A hell rat (Lair:5)
1 creature vanquished.

Grand Total: 537 creatures vanquished

Notes
Turn   | Place    | Note
-------+----------+-------------------------------------------
     0 | D:1      | qw the Gargoyle Fighter began the quest for the Orb.
     0 | D:1      | Reached XP level 1. HP: 14/14 MP: 1/1
     0 | D:1      | 0 ||| qw: Version: 0.2-a-102-gfc559e5
     0 | D:1      | 0 ||| qw: Game counter: 675
     0 | D:1      | 0 ||| qw: Always use a shield: true
     0 | D:1      | 0 ||| qw: God list: Okawaru
     0 | D:1      | 0 ||| qw: Allow faded altars: false
     0 | D:1      | 0 ||| qw: Do Orc after D:15 true
     0 | D:1      | 0 ||| qw: Do second Lair branch before Depths: true
     0 | D:1      | 0 ||| qw: Lair rune preference: random
     0 | D:1      | 0 ||| qw: Plans: Normal, Zot:1-4, Slime:5, God:TSO, Crypt,
                  | Tomb, Pan, Hells, Abyss, Win
     0 | D:1      | 0 ||| PLANNING D:1-11
    41 | D:1      | Found a faded altar of an unknown god.
    55 | D:1      | Reached skill level 2 in Axes
   183 | D:1      | Reached XP level 2. HP: 13/19 MP: 2/2
   270 | D:1      | 270 ||| Stepping ~*~*~tactically~*~*~ (hiding).
   629 | D:1      | Reached skill level 3 in Axes
   690 | D:1      | 690 ||| UPGRADING to +0 chain mail.
   700 | D:1      | 700 ||| DROPPING +0 scale mail.
   701 | D:1      | 701 ||| UPGRADING to amulet of regeneration.
   706 | D:1      | 706 ||| READING scroll labelled WIGGUG LOALL.
   707 | D:1      | 707 ||| READING scroll labelled DYDOSHR IRENE.
   771 | D:2      | Reached XP level 3. HP: 23/23 MP: 3/3
   935 | D:2      | 935 ||| Stepping ~*~*~tactically~*~*~ (stealth).
   936 | D:2      | 936 ||| Stepping ~*~*~tactically~*~*~ (stealth).
   937 | D:2      | 937 ||| SWAPPING to +0 broad axe.
   938 | D:2      | 938 ||| DROPPING +0 war axe.
   942 | D:2      | 942 ||| Stepping ~*~*~tactically~*~*~ (hiding).
   943 | D:2      | 943 ||| Stepping ~*~*~tactically~*~*~ (hiding).
  1012 | D:2      | 1012 ||| DROPPING +0 club.
  1210 | D:2      | Noticed Robin
  1211 | D:2      | 1211 ||| Stepping ~*~*~tactically~*~*~ (hiding).
  1296 | D:2      | Killed Robin
  1297 | D:2      | Reached XP level 4. HP: 28/28 MP: 4/4
  1300 | D:2      | Reached skill level 4 in Axes
  1351 | D:2      | Found a runed translucent door.
  1352 | D:2      | Noticed Crazy Yiuf
  1687 | D:2      | 1687 ||| UPGRADING to +0 helmet.
  1692 | D:2      | 1692 ||| UPGRADING to +4 ring of protection.
  1693 | D:2      | 1693 ||| READING scroll labelled NYORUW EKOPN.
  1727 | D:3      | 1727 ||| Stepping ~*~*~tactically~*~*~ (hiding).
  2239 | D:3      | Reached XP level 5. HP: 32/32 MP: 5/5
  2443 | D:3      | Reached skill level 1 in Throwing
  2514 | D:3      | 2514 ||| READING scroll labelled FENIRO IMPEU.
  2515 | D:3      | 2515 ||| READING scroll labelled RIAXARH NUSUSS.
  2516 | D:3      | 2516 ||| READING scroll labelled ZIGACZ DOUGAMM.
  2617 | D:3      | 2617 ||| READING 3 scrolls of identify.
  2617 | D:3      | 2617 ||| IDENTIFYING sapphire potion
  2618 | D:3      | 2618 ||| READING 2 scrolls of identify.
  2618 | D:3      | 2618 ||| IDENTIFYING glowing dark potion
  2619 | D:3      | 2619 ||| DROPPING potion of flight.
  2698 | D:4      | 2698 ||| PLANNING SEWER
  2708 | D:4      | 2708 ||| Stepping ~*~*~tactically~*~*~ (stealth).
  2824 | D:4      | Reached skill level 5 in Axes
  2877 | D:4      | 2877 ||| Stepping ~*~*~tactically~*~*~ (stealth).
  2887 | D:4      | HP: 3/33 [orc priest/divine providence (10)]
  2893 | D:4      | Reached XP level 6. HP: 11/38 MP: 6/6
  3013 | D:4      | 3013 ||| Stepping ~*~*~tactically~*~*~ (stealth).
  3259 | D:4      | Found a glowing drain.
  3260 | D:4      | 3260 ||| UPGRADING to +2 pair of boots.
  3313 | Sewer    | Entered a sewer
  3407 | Sewer    | Noticed Pargi
  3433 | Sewer    | Killed Pargi
  3434 | Sewer    | Reached skill level 6 in Axes
  3452 | Sewer    | 3452 ||| READING scroll labelled BUASHR HIGE.
  3468 | D:4      | 3468 ||| PLANNING D:1-11
  3480 | D:5      | Entered Level 5 of the Dungeon
  3488 | D:5      | Reached XP level 7. HP: 43/43 MP: 7/7
  3501 | D:5      | Reached skill level 1 in Dodging
  3566 | D:5      | Found a staircase to the Ecumenical Temple.
  3568 | D:5      | 3568 ||| PLANNING TEMPLE
  3568 | D:5      | 3568 ||| UPGRADING to amulet of reflection.
  3578 | D:5      | 3578 ||| DROPPING amulet of regeneration.
  3579 | D:5      | 3579 ||| READING 3 scrolls of identify.
  3579 | D:5      | 3579 ||| IDENTIFYING fuming sapphire potion
  3580 | D:5      | 3580 ||| DROPPING potion of degeneration.
  3596 | Temple   | Entered the Ecumenical Temple
  3704 | Temple   | 3704 ||| PLANNING OKAWARU WORSHIP
  4030 | Temple   | Became a worshipper of Warmaster Okawaru
  4030 | Temple   | 4030 ||| PLANNING D:1-11
  4074 | D:5      | 4074 ||| Stepping ~*~*~tactically~*~*~ (stealth).
  4121 | D:5      | Reached skill level 7 in Axes
  4131 | D:5      | 4131 ||| Stepping ~*~*~tactically~*~*~ (stealth).
  4358 | D:5      | Noticed a troll
  4366 | D:5      | Reached XP level 8. HP: 49/49 MP: 8/8
  4372 | D:5      | Killed a troll
  4372 | D:5      | Reached * piety under Okawaru
  4373 | D:5      | Reached skill level 3 in Throwing
  4538 | D:5      | Noticed Sigmund
  4539 | D:5      | 4539 ||| INVOKING Heroism.
  4545 | D:5      | Killed Sigmund
  4546 | D:5      | Reached skill level 1 in Invocations
  4621 | D:5      | Noticed Blork the orc
  4622 | D:5      | 4622 ||| Stepping ~*~*~tactically~*~*~ (hiding).
  4623 | D:5      | 4623 ||| Stepping ~*~*~tactically~*~*~ (hiding).
  4624 | D:5      | 4624 ||| INVOKING Heroism.
  4634 | D:5      | 4634 ||| INVOKING Heroism.
  4642 | D:5      | Killed Blork the orc
  4643 | D:5      | Reached skill level 3 in Invocations
  4767 | D:5      | 4767 ||| UPGRADING to +0 plate armour.
  4777 | D:5      | 4777 ||| DROPPING +0 chain mail.
  4778 | D:5      | 4778 ||| UPGRADING to ring of protection from fire.
  4779 | D:5      | 4779 ||| READING scroll labelled NEDETSULI.
  4780 | D:5      | 4780 ||| READING scroll labelled NIPPIFU YREMAKH.
  4781 | D:5      | 4781 ||| READING scroll labelled UNAREA ANNALL.
  4782 | D:5      | 4782 ||| READING scroll labelled PASAISUSTE.
  4785 | D:5      | 4785 ||| DRINKING 2 coppery potions.
  4786 | D:5      | 4786 ||| READING 2 scrolls of identify.
  4786 | D:5      | 4786 ||| IDENTIFYING golden potion
  4787 | D:5      | 4787 ||| DROPPING potion of brilliance.
  4835 | D:6      | 4835 ||| Stepping ~*~*~tactically~*~*~ (stealth).
  4836 | D:6      | 4836 ||| Stepping ~*~*~tactically~*~*~ (stealth).
  4838 | D:6      | 4838 ||| Stepping ~*~*~tactically~*~*~ (hiding).
  4861 | D:6      | 4861 ||| DROPPING +0 flail.
  4953 | D:6      | 4953 ||| INVOKING Heroism.
  4967 | D:6      | 4967 ||| INVOKING Heroism.
  4975 | D:6      | Reached XP level 9. HP: 54/54 MP: 8/12
  5052 | D:6      | 5052 ||| Stepping ~*~*~tactically~*~*~ (hiding).
  5053 | D:6      | 5053 ||| Stepping ~*~*~tactically~*~*~ (hiding).
  5055 | D:6      | 5055 ||| Stepping ~*~*~tactically~*~*~ (hiding).
  5059 | D:6      | Reached skill level 8 in Axes
  5313 | D:6      | 5313 ||| UPGRADING to amulet of faith.
  5323 | D:6      | 5323 ||| READING 2 scrolls of identify.
  5323 | D:6      | 5323 ||| IDENTIFYING green potion
  6038 | D:7      | 6038 ||| INVOKING Heroism.
  6350 | D:7      | 6350 ||| DRINKING 2 fizzy purple potions.
  6350 | D:7      | Gained mutation: You are partially covered in iridescent
                  | scales. (AC +2) [potion of mutation]
  6350 | D:7      | Gained mutation: Your natural rate of healing is unusually
                  | fast. [potion of mutation]
  6387 | D:8      | 6387 ||| INVOKING Heroism.
  6428 | D:8      | 6428 ||| Stepping ~*~*~tactically~*~*~ (hiding).
  6439 | D:8      | 6439 ||| INVOKING Heroism.
  6458 | D:8      | Reached skill level 6 in Fighting
  6654 | D:8      | 6654 ||| INVOKING Heroism.
  6676 | D:8      | 6676 ||| INVOKING Heroism.
  6680 | D:8      | Reached skill level 9 in Axes
  6959 | D:8      | Found a snail-covered altar of Cheibriados.
  6959 | D:8      | Found a sparkling altar of Nemelex Xobeh.
  7172 | D:8      | 7172 ||| DROPPING amulet of guardian spirit.
  7173 | D:8      | 7173 ||| READING scroll labelled GIS XYCUPPETI.
  7183 | D:9      | Noticed Harold
  7184 | D:9      | 7184 ||| INVOKING Heroism.
  7202 | D:9      | Killed Harold
  7202 | D:9      | Reached ** piety under Okawaru
  7203 | D:9      | Reached skill level 6 in Shields
  7312 | D:9      | 7312 ||| Stepping ~*~*~tactically~*~*~ (hiding).
  7313 | D:9      | 7313 ||| Stepping ~*~*~tactically~*~*~ (hiding).
  7424 | D:9      | 7424 ||| INVOKING Heroism.
  7431 | D:9      | Reached XP level 10. HP: 60/60 MP: 10/13
  7474 | D:9      | Noticed a red ugly thing
  7484 | D:9      | 7484 ||| INVOKING Heroism.
  7489 | D:9      | Reached skill level 6 in Armour
  7506 | D:9      | 7506 ||| INVOKING Heroism.
  7509 | D:9      | Killed a red ugly thing
  7518 | D:9      | 7518 ||| Stepping ~*~*~tactically~*~*~ (stealth).
  7523 | D:9      | 7523 ||| Stepping ~*~*~tactically~*~*~ (stealth).
  7562 | D:9      | Found a staircase to the Lair.
  7580 | D:9      | 7580 ||| Stepping ~*~*~tactically~*~*~ (stealth).
  7596 | D:9      | Reached *** piety under Okawaru
  7601 | D:9      | 7601 ||| INVOKING Heroism.
  7605 | D:9      | 7605 ||| Stepping ~*~*~tactically~*~*~ (stealth).
  7608 | D:9      | 7608 ||| Stepping ~*~*~tactically~*~*~ (hiding).
  7609 | D:9      | 7609 ||| Stepping ~*~*~tactically~*~*~ (hiding).
  7613 | D:9      | 7613 ||| Stepping ~*~*~tactically~*~*~ (hiding).
  7618 | D:9      | Reached skill level 10 in Axes
  7672 | D:9      | 7672 ||| INVOKING Heroism.
  7944 | D:9      | 7944 ||| Stepping ~*~*~tactically~*~*~ (stealth).
  7945 | D:9      | 7945 ||| Stepping ~*~*~tactically~*~*~ (stealth).
  7959 | D:9      | 7959 ||| INVOKING Heroism.
  7993 | D:9      | 7993 ||| INVOKING Heroism.
  8134 | D:9      | Received a gift from Okawaru
  8346 | D:9      | 8346 ||| INVOKING Heroism.
  8504 | D:9      | 8504 ||| PLANNING LAIR
  8504 | D:9      | 8504 ||| READING 2 scrolls of identify.
  8504 | D:9      | 8504 ||| IDENTIFYING inky potion
  8541 | Lair:1   | Entered Level 1 of the Lair of Beasts
  8556 | Lair:1   | Noticed a catoblepas
  8557 | Lair:1   | 8557 ||| INVOKING Heroism.
  8558 | Lair:1   | 8558 ||| Stepping ~*~*~tactically~*~*~ (hiding).
  8569 | Lair:1   | Killed a catoblepas
  8569 | Lair:1   | Reached **** piety under Okawaru
  8570 | Lair:1   | Reached skill level 11 in Axes
  8570 | Lair:1   | Reached XP level 11. HP: 68/68 MP: 12/14
  8637 | Lair:1   | 8637 ||| INVOKING Heroism.
  8677 | Lair:1   | 8677 ||| DROPPING +2 heavy flail.
  8687 | Lair:1   | 8687 ||| INVOKING Heroism.
  8756 | Lair:1   | Noticed an eight-headed hydra
  8757 | Lair:1   | 8757 ||| INVOKING Heroism.
  8760 | Lair:1   | 8760 ||| SWAPPING to +0 morningstar.
  8767 | Lair:1   | Killed an eight-headed hydra
  8768 | Lair:1   | Reached skill level 9 in Fighting
  8768 | Lair:1   | 8768 ||| SWAPPING to +0 vampiric broad axe.
  8826 | Lair:1   | 8826 ||| INVOKING Heroism.
  8923 | Lair:1   | 8923 ||| INVOKING Heroism.
  9295 | Lair:1   | 9295 ||| READING scroll labelled IFESSU POGYILO.
  9296 | Lair:1   | 9296 ||| READING 2 scrolls of identify.
  9296 | Lair:1   | 9296 ||| IDENTIFYING emerald potion
  9297 | Lair:1   | 9297 ||| DROPPING potion of invisibility.
  9326 | Lair:2   | 9326 ||| PLANNING GAUNTLET
  9342 | Lair:2   | 9342 ||| INVOKING Heroism.
  9434 | Lair:2   | 9434 ||| Stepping ~*~*~tactically~*~*~ (stealth).
  9477 | Lair:2   | 9477 ||| Stepping ~*~*~tactically~*~*~ (stealth).
  9495 | Lair:2   | 9495 ||| INVOKING Heroism.
  9518 | Lair:2   | 9518 ||| Stepping ~*~*~tactically~*~*~ (cloud).
  9530 | Lair:2   | 9530 ||| INVOKING Heroism.
  9552 | Lair:2   | Reached skill level 6 in Invocations
  9563 | Lair:2   | 9563 ||| INVOKING Heroism.
  9586 | Lair:2   | 9586 ||| INVOKING Heroism.
  9599 | Lair:2   | 9599 ||| Stepping ~*~*~tactically~*~*~ (cloud).
  9620 | Lair:2   | 9620 ||| INVOKING Heroism.
  9648 | Lair:2   | 9648 ||| Stepping ~*~*~tactically~*~*~ (cloud).
  9652 | Lair:2   | 9652 ||| INVOKING Heroism.
  9654 | Lair:2   | 9654 ||| Stepping ~*~*~tactically~*~*~ (cloud).
  9709 | Lair:2   | 9709 ||| INVOKING Heroism.
  9759 | Lair:2   | Found a gate leading to a gauntlet.
  9760 | Lair:2   | 9760 ||| READING scroll labelled NIHIHUPRUWUS.
  9768 | Gauntlet | Entered a Gauntlet
  9768 | Gauntlet | Found a transporter.
  9768 | Gauntlet | Found a transporter.
  9772 | Gauntlet | Found a transporter.
  9772 | Gauntlet | Found a transporter.
  9774 | Gauntlet | Found a large runed translucent door.
  9774 | Gauntlet | Noticed a fire crab
  9775 | Gauntlet | Found a large runed translucent door.
  9776 | Gauntlet | Found a large runed translucent door.
  9776 | Gauntlet | Found a large runed translucent door.
  9776 | Gauntlet | Found a runed translucent door.
  9776 | Gauntlet | Found a runed translucent door.
  9777 | Gauntlet | Found a large runed translucent door.
  9777 | Gauntlet | Found a large runed translucent door.
  9777 | Gauntlet | Found a large runed translucent door.
  9777 | Gauntlet | Found a large runed translucent door.
  9778 | Gauntlet | Found a large runed translucent door.
  9778 | Gauntlet | Found a large runed translucent door.
  9779 | Gauntlet | Found a large runed translucent door.
  9779 | Gauntlet | Found a large runed translucent door.
  9780 | Gauntlet | Found a runed translucent gate.
  9780 | Gauntlet | Found a runed translucent gate.
  9780 | Gauntlet | Found a runed translucent gate.
  9782 | Gauntlet | Found a transporter.
  9790 | Gauntlet | Noticed an entropy weaver
  9792 | Gauntlet | Found a transporter.
  9792 | Gauntlet | Found a large runed translucent door.
  9793 | Gauntlet | Found a large runed translucent door.
  9795 | Gauntlet | Found a transporter.
  9796 | Gauntlet | Found a transporter.
  9800 | Gauntlet | Noticed a death yak
  9801 | Gauntlet | Noticed a necromancer
  9803 | Gauntlet | Noticed a death yak
  9803 | Gauntlet | Noticed a death yak
  9806 | Gauntlet | Noticed a wolf spider
  9807 | Gauntlet | Noticed a death yak
  9808 | Gauntlet | Noticed a death yak
  9828 | Gauntlet | Found a transporter.
  9835 | Gauntlet | Found a transporter.
  9855 | Gauntlet | Found a transporter.
  9874 | Gauntlet | Found a large runed translucent door.
  9875 | Gauntlet | Found a large runed translucent door.
  9875 | Gauntlet | Found a transporter.
  9917 | Gauntlet | Found a transporter.
  9931 | Gauntlet | Found a transporter.
 10032 | Gauntlet | Found a transporter.
 10038 | Gauntlet | Noticed a sixfirhy
 10057 | Gauntlet | Found a transporter.
 10134 | Gauntlet | 10134 ||| Stepping randomly (stuck).
 10136 | Gauntlet | 10136 ||| Stepping randomly (stuck).
 10137 | Gauntlet | 10137 ||| Stepping randomly (stuck).
 10138 | Gauntlet | 10138 ||| Stepping randomly (stuck).
 10141 | Gauntlet | 10141 ||| INVOKING Heroism.
 10202 | Gauntlet | 10202 ||| READING 2 scrolls of identify.
 10202 | Gauntlet | 10202 ||| IDENTIFYING cyan potion
 10225 | Gauntlet | Killed a necromancer
 10226 | Gauntlet | Reached skill level 12 in Axes
 10227 | Gauntlet | 10227 ||| INVOKING Heroism.
 10239 | Gauntlet | Killed a death yak
 10240 | Gauntlet | Reached XP level 12. HP: 76/76 MP: 14/17
 10253 | Gauntlet | Killed a death yak
 10256 | Gauntlet | Killed a death yak
 10261 | Gauntlet | Killed a death yak
 10263 | Gauntlet | Killed a death yak
 10263 | Gauntlet | Reached ***** piety under Okawaru
 10264 | Gauntlet | Reached skill level 9 in Armour
 10278 | Gauntlet | Identified the +2 hat of the Gate {Dex+4}
 10280 | Gauntlet | 10280 ||| UPGRADING to +2 hat of the Gate {Dex+4}.
 10290 | Gauntlet | 10290 ||| DROPPING +0 helmet.
 10291 | Gauntlet | 10291 ||| READING scroll labelled IKITUUWKAU.
 10312 | Gauntlet | Noticed a minotaur
 10313 | Gauntlet | 10313 ||| INVOKING Heroism.
 10314 | Gauntlet | 10314 ||| INVOKING Finesse.
 10324 | Gauntlet | Killed a minotaur
 10369 | Gauntlet | 10369 ||| READING 2 scrolls of enchant weapon.
 10369 | Gauntlet | 10369 ||| ENCHANTING +0 vampiric broad axe.
 10370 | Gauntlet | 10370 ||| READING scroll of enchant weapon.
 10370 | Gauntlet | 10370 ||| ENCHANTING +1 vampiric broad axe.
 10397 | Gauntlet | Received a gift from Okawaru
 10408 | Gauntlet | 10408 ||| UPGRADING to +2 pair of gloves.
 10413 | Gauntlet | 10413 ||| DROPPING +6 ring of intelligence.
 10414 | Gauntlet | 10414 ||| READING scroll labelled BULESTIZIN.
 10414 | Gauntlet | Identified a scroll of acquirement
 10414 | Gauntlet | 10414 ||| ACQUIRING 376 gold pieces
 10414 | Gauntlet | Acquired 376 gold pieces
 10426 | Lair:2   | 10426 ||| PLANNING LAIR
 10438 | Lair:2   | Identified the +1 leather armour "Ruokeg" {-Cast rF+++ rC-
                  | Regen+}
 10489 | Lair:2   | Noticed a catoblepas
 10490 | Lair:2   | 10490 ||| INVOKING Heroism.
 10491 | Lair:2   | 10491 ||| INVOKING Finesse.
 10507 | Lair:2   | Killed a catoblepas
 10508 | Lair:2   | Reached skill level 9 in Invocations
 10522 | Lair:2   | You fall into a shaft and drop 2 floors!
 10557 | Lair:4   | 10557 ||| Stepping ~*~*~tactically~*~*~ (stealth).
 10564 | Lair:4   | 10564 ||| Stepping ~*~*~tactically~*~*~ (stealth).
 10572 | Lair:4   | 10572 ||| Stepping ~*~*~tactically~*~*~ (stealth).
 10574 | Lair:4   | 10574 ||| Stepping ~*~*~tactically~*~*~ (stealth).
 10576 | Lair:4   | 10576 ||| Stepping ~*~*~tactically~*~*~ (stealth).
 10639 | Lair:3   | Noticed a death yak
 10640 | Lair:3   | 10640 ||| INVOKING Heroism.
 10641 | Lair:3   | 10641 ||| INVOKING Finesse.
 10643 | Lair:3   | Noticed a death yak
 10649 | Lair:3   | Noticed a death yak
 10653 | Lair:3   | Killed a death yak
 10655 | Lair:3   | Killed a death yak
 10659 | Lair:3   | Noticed a death yak
 10659 | Lair:3   | Noticed a death yak
 10669 | Lair:3   | Killed a death yak
 10670 | Lair:3   | Noticed Amaemon
 10684 | Lair:3   | Killed a death yak
 10690 | Lair:3   | Killed a death yak
 10719 | Lair:3   | 10719 ||| INVOKING Heroism.
 10728 | Lair:3   | Killed Amaemon
 10728 | Lair:3   | Received a gift from Okawaru
 10736 | Lair:3   | Reached XP level 13. HP: 82/82 MP: 17/20
 10752 | Lair:3   | 10752 ||| DROPPING +0 morningstar.
 10791 | Lair:3   | 10791 ||| READING scroll of enchant weapon.
 10791 | Lair:3   | 10791 ||| ENCHANTING +2 vampiric broad axe.
 11014 | Lair:2   | 11014 ||| INVOKING Heroism.
 11070 | Lair:2   | Found a runed translucent door.
 11070 | Lair:2   | Found a shimmering altar of Xom.
 11070 | Lair:2   | Noticed Haraddelas's ghost (journeyman OpTm)
 11168 | Lair:2   | Found a staircase to the Shoals.
 11209 | Lair:3   | 11209 ||| INVOKING Heroism.
 11213 | Lair:3   | Noticed Fannar
 11231 | Lair:3   | Killed Fannar
 11232 | Lair:3   | Reached skill level 13 in Axes
 11251 | Lair:3   | Identified the +6 scimitar of Day {holy, rC- Dex+4 Stlth+}
 11304 | Lair:3   | Found a staircase to the Snake Pit.
 11305 | Lair:3   | Noticed Rupert
 11306 | Lair:3   | 11306 ||| INVOKING Heroism.
 11307 | Lair:3   | 11307 ||| INVOKING Finesse.
 11311 | Lair:3   | Reached skill level 3 in Dodging
 11342 | Lair:3   | Killed Rupert
 11342 | Lair:3   | Received a gift from Okawaru
 11997 | Lair:3   | 11997 ||| READING 2 scrolls of identify.
 11997 | Lair:3   | 11997 ||| IDENTIFYING metallic sapphire potion
 11998 | Lair:3   | 11998 ||| DROPPING potion of ambrosia.
 12051 | Lair:4   | 12051 ||| INVOKING Heroism.
 12074 | Lair:4   | Identified the +0 helmet of Birain {Rampage *Slow rElec
                  | Regen+} (Okawaru gifted it to you on level 4 of the Lair of
                  | Beasts)
 12074 | Lair:4   | Received a gift from Okawaru
 12103 | Lair:4   | 12103 ||| Stepping ~*~*~tactically~*~*~ (stealth).
 12104 | Lair:4   | 12104 ||| Stepping ~*~*~tactically~*~*~ (stealth).
 12190 | Lair:4   | 12190 ||| Stepping ~*~*~tactically~*~*~ (stealth).
 12192 | Lair:4   | 12192 ||| Stepping ~*~*~tactically~*~*~ (stealth).
 12209 | Lair:4   | Reached ****** piety under Okawaru
 12219 | Lair:4   | Reached skill level 14 in Axes
 12249 | Lair:4   | 12249 ||| Stepping ~*~*~tactically~*~*~ (stealth).
 12250 | Lair:4   | 12250 ||| INVOKING Heroism.
 12265 | Lair:4   | 12265 ||| Stepping ~*~*~tactically~*~*~ (stealth).
 12267 | Lair:4   | 12267 ||| INVOKING Heroism.
 12478 | Lair:4   | 12478 ||| Stepping ~*~*~tactically~*~*~ (stealth).
 12480 | Lair:4   | 12480 ||| Stepping ~*~*~tactically~*~*~ (stealth).
 12854 | Lair:4   | 12854 ||| UPGRADING to +0 helmet of Birain {Rampage *Slow
                  | rElec Regen+}.
 12864 | Lair:4   | 12864 ||| DROPPING +2 hat of the Gate {Dex+4}.
 12865 | Lair:4   | 12865 ||| READING scroll labelled QUEPPUYSU.
 12866 | Lair:4   | 12866 ||| READING 3 scrolls of identify.
 12866 | Lair:4   | 12866 ||| IDENTIFYING fuming green potion
 12867 | Lair:4   | 12867 ||| READING 2 scrolls of identify.
 12867 | Lair:4   | 12867 ||| IDENTIFYING white potion
 12868 | Lair:4   | 12868 ||| DROPPING potion of berserk rage.
 12908 | Lair:5   | Entered Level 5 of the Lair of Beasts
 13084 | Lair:5   | Found a viscous altar of Jiyva.
 13085 | Lair:5   | Found a staircase to the Slime Pits.
 13118 | Lair:5   | 13118 ||| Stepping ~*~*~tactically~*~*~ (stealth).
 13119 | Lair:5   | 13119 ||| Stepping ~*~*~tactically~*~*~ (stealth).
 13176 | Lair:5   | Found a runed translucent gate.
 13176 | Lair:5   | Found a runed translucent gate.
 13176 | Lair:5   | Found a runed translucent gate.
 13176 | Lair:5   | Noticed qw's ghost (journeyman GrFi)
 13374 | Lair:5   | 13374 ||| INVOKING Heroism.
 13375 | Lair:5   | 13375 ||| INVOKING Finesse.
 13377 | Lair:5   | 13377 ||| SWAPPING to +1 demon whip of venom.
 13383 | Lair:5   | Received a gift from Okawaru
 13384 | Lair:5   | 13384 ||| SWAPPING to +3 vampiric broad axe.
 13498 | Lair:5   | 13498 ||| INVOKING Heroism.
 13502 | Lair:5   | 13502 ||| Stepping ~*~*~tactically~*~*~ (stealth).
 13623 | Lair:5   | 13623 ||| Stepping ~*~*~tactically~*~*~ (hiding).
 13625 | Lair:5   | 13625 ||| Stepping ~*~*~tactically~*~*~ (hiding).
 13628 | Lair:5   | 13628 ||| INVOKING Heroism.
 13634 | Lair:5   | Reached skill level 6 in Throwing
 13634 | Lair:5   | Gained mutation: Your large and strong wings let you fly.
                  | [Gargoyle growth]
 13634 | Lair:5   | Reached XP level 14. HP: 90/90 MP: 18/21
 13691 | Lair:5   | 13691 ||| FLEEEEING.
 13692 | Lair:5   | 13692 ||| FLEEEEING.
 13693 | Lair:5   | 13693 ||| FLEEEEING.
 13694 | Lair:5   | 13694 ||| FLEEEEING.
 13695 | Lair:5   | 13695 ||| FLEEEEING.
 13696 | Lair:5   | 13696 ||| FLEEEEING.
 13698 | Lair:5   | 13698 ||| FLEEEEING.
 13699 | Lair:5   | 13699 ||| FLEEEEING.
 13700 | Lair:5   | 13700 ||| FLEEEEING.
 13701 | Lair:5   | 13701 ||| FLEEEEING.
 13702 | Lair:5   | 13702 ||| FLEEEEING.
 13703 | Lair:5   | 13703 ||| FLEEEEING.
 13704 | Lair:5   | 13704 ||| INVOKING Heroism.
 13737 | Lair:5   | 13737 ||| Stepping ~*~*~tactically~*~*~ (stealth).
 13749 | Lair:5   | 13749 ||| INVOKING Heroism.
 13750 | Lair:5   | 13750 ||| INVOKING Finesse.
 13778 | Lair:5   | 13778 ||| Stepping ~*~*~tactically~*~*~ (stealth).
 13823 | Lair:5   | 13823 ||| INVOKING Heroism.
 13824 | Lair:5   | 13824 ||| INVOKING Finesse.
 13892 | Lair:5   | 13892 ||| Stepping ~*~*~tactically~*~*~ (stealth).
 13893 | Lair:5   | 13893 ||| INVOKING Heroism.
 13895 | Lair:5   | 13895 ||| INVOKING Finesse.
 13902 | Lair:5   | Reached skill level 15 in Axes
 13920 | Lair:5   | Noticed a dire elephant
 13932 | Lair:5   | Killed a dire elephant
 13964 | Lair:5   | Identified the +1 leather armour "Ugixu" {rF++}
 14299 | Lair:5   | 14299 ||| PLANNING D:1-11
 14299 | Lair:5   | 14299 ||| DROPPING +1 leather armour "Ruokeg" {-Cast rF+++
                  | rC- Regen+}.
 14300 | Lair:5   | 14300 ||| UPGRADING to +3 chain mail of fire resistance.
 14414 | D:10     | Entered Level 10 of the Dungeon
 14620 | D:10     | 14620 ||| Stepping ~*~*~tactically~*~*~ (hiding).
 14949 | D:10     | 14949 ||| Stepping ~*~*~tactically~*~*~ (stealth).
 14953 | D:10     | 14953 ||| Stepping ~*~*~tactically~*~*~ (hiding).
 14956 | D:10     | 14956 ||| Stepping ~*~*~tactically~*~*~ (hiding).
 15025 | D:10     | Found a staircase to the Orcish Mines.
 15262 | D:10     | 15262 ||| DROPPING amulet of magic regeneration.
 15294 | D:11     | 15294 ||| STAIRDANCE
 15417 | D:11     | 15417 ||| STAIRDANCE
 15439 | D:11     | 15439 ||| Stepping ~*~*~tactically~*~*~ (stealth).
 15441 | D:11     | 15441 ||| Stepping ~*~*~tactically~*~*~ (stealth).
 15446 | D:11     | Identified the +4 steam dragon scales of the Valley {rC+}
                  | (Okawaru gifted it to you on level 11 of the Dungeon)
 15446 | D:11     | Received a gift from Okawaru
 15452 | D:11     | Reached skill level 12 in Fighting
 15620 | D:11     | 15620 ||| Stepping ~*~*~tactically~*~*~ (stealth).
 15622 | D:11     | 15622 ||| Stepping ~*~*~tactically~*~*~ (hiding).
 15625 | D:11     | 15625 ||| Stepping ~*~*~tactically~*~*~ (hiding).
 15626 | D:11     | 15626 ||| Stepping ~*~*~tactically~*~*~ (hiding).
 15636 | D:11     | 15636 ||| Stepping ~*~*~tactically~*~*~ (stealth).
 15943 | D:11     | Identified the staff of death "Naimoyne" {rPois rC+ rN+
                  | Str+5}
 16540 | D:11     | 16540 ||| PLANNING D
 16540 | D:11     | 16540 ||| DROPPING +2 pair of gloves.
 16541 | D:11     | 16541 ||| READING 2 scrolls of identify.
 16541 | D:11     | 16541 ||| IDENTIFYING murky golden potion
 16606 | D:12     | 16606 ||| Stepping ~*~*~tactically~*~*~ (stealth).
 16607 | D:12     | 16607 ||| Stepping ~*~*~tactically~*~*~ (stealth).
 16774 | D:12     | 16774 ||| INVOKING Heroism.
 16775 | D:12     | 16775 ||| INVOKING Finesse.
 16935 | D:12     | 16935 ||| INVOKING Heroism.
 16936 | D:12     | 16936 ||| INVOKING Finesse.
 17014 | D:12     | Found Umouk's Book Shop.
 17037 | D:12     | 17037 ||| Stepping ~*~*~tactically~*~*~ (hiding).
 17152 | D:12     | Found a snail-covered altar of Cheibriados.
 17181 | D:12     | Noticed Kirke
 17182 | D:12     | 17182 ||| INVOKING Heroism.
 17183 | D:12     | 17183 ||| INVOKING Finesse.
 17196 | D:12     | Killed Kirke
 17485 | D:12     | Noticed Nergalle
 17499 | D:12     | 17499 ||| INVOKING Heroism.
 17515 | D:12     | Killed Nergalle
 17896 | D:13     | 17896 ||| INVOKING Heroism.
 17923 | D:13     | 17923 ||| Stepping ~*~*~tactically~*~*~ (hiding).
 17924 | D:13     | 17924 ||| Stepping ~*~*~tactically~*~*~ (hiding).
 17927 | D:13     | 17927 ||| Stepping ~*~*~tactically~*~*~ (hiding).
 17928 | D:13     | 17928 ||| Stepping ~*~*~tactically~*~*~ (hiding).
 17977 | D:13     | 17977 ||| Stepping ~*~*~tactically~*~*~ (hiding).
 17978 | D:13     | 17978 ||| Stepping ~*~*~tactically~*~*~ (hiding).
 17979 | D:13     | 17979 ||| Stepping ~*~*~tactically~*~*~ (hiding).
 17980 | D:13     | 17980 ||| Stepping ~*~*~tactically~*~*~ (hiding).
 17981 | D:13     | 17981 ||| Stepping ~*~*~tactically~*~*~ (hiding).
 17993 | D:13     | 17993 ||| Stepping ~*~*~tactically~*~*~ (hiding).
 18000 | D:13     | Reached skill level 16 in Axes
 18010 | D:13     | 18010 ||| Stepping ~*~*~tactically~*~*~ (stealth).
 18011 | D:13     | 18011 ||| Stepping ~*~*~tactically~*~*~ (stealth).
 18043 | D:13     | 18043 ||| Stepping ~*~*~tactically~*~*~ (stealth).
 18147 | D:13     | 18147 ||| Stepping ~*~*~tactically~*~*~ (stealth).
 18234 | D:13     | 18234 ||| Stepping ~*~*~tactically~*~*~ (stealth).
 18320 | D:13     | 18320 ||| INVOKING Heroism.
 18322 | D:13     | 18322 ||| Stepping ~*~*~tactically~*~*~ (hiding).
 18333 | D:13     | Reached XP level 15. HP: 96/96 MP: 20/22
 18334 | D:13     | 18334 ||| Stepping ~*~*~tactically~*~*~ (hiding).
 18335 | D:13     | 18335 ||| Stepping ~*~*~tactically~*~*~ (hiding).
 18343 | D:13     | Received a gift from Okawaru
 18473 | D:13     | Found a gate to the Vaults.
 18665 | D:13     | Found a large runed translucent door.
 18668 | D:13     | Found a large runed translucent door.
 18671 | D:13     | Noticed qw's ghost (journeyman GrFi)
 18803 | D:13     | 18803 ||| DROPPING +0 chain mail of fire resistance.
 18849 | D:14     | Found an iron altar of Okawaru.
 18856 | D:14     | 18856 ||| Stepping ~*~*~tactically~*~*~ (stealth).
 18861 | D:14     | 18861 ||| Stepping ~*~*~tactically~*~*~ (hiding).
 18863 | D:14     | 18863 ||| Stepping ~*~*~tactically~*~*~ (hiding).
 19018 | D:14     | 19018 ||| Stepping ~*~*~tactically~*~*~ (stealth).
 19038 | D:14     | Received a gift from Okawaru
 19074 | D:14     | Found a bloodstained altar of Trog.
 19154 | D:14     | 19154 ||| INVOKING Heroism.
 19369 | D:14     | 19369 ||| Stepping ~*~*~tactically~*~*~ (hiding).
 19370 | D:14     | 19370 ||| Stepping ~*~*~tactically~*~*~ (hiding).
 19520 | D:14     | Reached skill level 17 in Axes
 19736 | D:15     | Entered Level 15 of the Dungeon
 19737 | D:15     | 19737 ||| INVOKING Heroism.
 19818 | D:15     | 19818 ||| Stepping ~*~*~tactically~*~*~ (hiding).
 20007 | D:15     | 20007 ||| Stepping ~*~*~tactically~*~*~ (stealth).
 20014 | D:15     | 20014 ||| Stepping ~*~*~tactically~*~*~ (stealth).
 20037 | D:15     | 20037 ||| Stepping ~*~*~tactically~*~*~ (hiding).
 20041 | D:15     | 20041 ||| Stepping ~*~*~tactically~*~*~ (hiding).
 20043 | D:15     | 20043 ||| INVOKING Heroism.
 20327 | D:15     | 20327 ||| Stepping ~*~*~tactically~*~*~ (hiding).
 20332 | D:15     | 20332 ||| INVOKING Heroism.
 20334 | D:15     | Paralysed by an orc sorcerer for 3 turns
 20335 | Abyss:2  | Cast into level 2 of the Abyss (a wizard)
 20339 | Abyss:2  | 20339 ||| Stepping ~*~*~tactically~*~*~ (stealth).
 20340 | Abyss:2  | 20340 ||| Stepping ~*~*~tactically~*~*~ (stealth).
 20351 | Abyss:2  | 20351 ||| Stepping ~*~*~tactically~*~*~ (stealth).
 20369 | Abyss:2  | Received a gift from Okawaru
 20370 | Abyss:2  | Noticed a hellephant
 20378 | Abyss:2  | 20378 ||| DRINKING 3 potions of resistance.
 20386 | Abyss:2  | HP: 15/78 [hellephant collision (9)]
 20389 | Abyss:2  | HP: 7/78 [lurking horror (1)]
 20394 | Abyss:2  | Killed from afar by a hellephant

Levels and vault maps discovered:
D:1:      dpeg_arrival_fog, layout_basic,
          shapermc_ecumenical_altar_mp_urbaneastern
D:2:      layout_basic, uniq_crazy_yiuf_cottage, uniq_robin
D:3:      layout_basic, minmay_box_of_dots
D:4:      layout_basic, gup_sewer_entry_glass, minivault_27
D:5:      layout_rooms, minmay_temple_entry_drinking_statues,
          hangedman_decor_push, minmay_misc_feat_tiny,
          minmay_misc_feat_ornament, grunt_decor_one_mirror,
          hangedman_decor_diamond_cutter, minmay_manual_monstrance,
          uniq_sigmund, uniq_blork_the_orc
D:6:      layout_rooms
D:7:      layout_layer_cave
D:8:      layout_loops_ring, gammafunk_temple_overflow_wave
D:9:      layout_stronghold, minmay_lair_entry_grove, kennysheep_minor_cross,
          nicolae_figureground_pulse, uniq_harold
D:10:     layout_basic, erik_orc_1
D:11:     layout_layer_cave
D:12:     layout_gridville, serial_shops, shop, kennysheep_slug_shrine,
          uniq_nergalle, uniq_kirke
D:13:     layout_small_grid, david_vaults_1, ebering_ghost_disaster_area,
          serial_ice, serial_ice_g, serial_ice_a, serial_ice_b, serial_ice_l,
          serial_ice_o
D:14:     wander_river, layout_irregular_city, okawaru_gym_becter,
          trog_three_pillars_becter
D:15:     grunt_enter_depths_magical_seal, layout_long_grid,
          minmay_misc_feat_rugged, nicolae_hepliaklqana_hippocampus
Temple:   mainiacjoe_temple_big_plus
Lair:1:   layout_roguey
Lair:2:   layout_gridlike, elwin_shoals_entry_stream, ebering_ghost_xom,
          gauntlet_entry_generic, ice2_lemuel, lemuel_fruit_tree
Lair:3:   layout_gridlike, minmay_snake_entry_six_corridors,
          portal_ice_cave_entry_pillars_1, uniq_rupert, uniq_amaemon,
          uniq_fannar
Lair:4:   layout_roguey, lemuel_old_faithful, serial_bayou_shore_b
Lair:5:   hangedman_lair_in_review, layout_regular_city, slime_entry_1,
          ebering_ghost_rock_garden, chequers_serial_rivers_micro_e,
          chequers_serial_rivers_marsh, dreamdust_gnoll_shepherd
Abyss:2:  base: Lair:2, minivault_13

Skill      XL: |  1  2  3  4  5  6  7  8  9 10 11 12 13 14 15 |
---------------+----------------------------------------------+-----
Axes           | 2 3 4 5 6 7 9 11 12 14 16 17 | 17.5
Throwing       | 1 3 4 6 7 |  7.1
Fighting       | 4 5 6 8 9 10 11 12 13 | 13.0
Dodging        | 1 2 3 |  3.0
Invocations    | 4 7 10 | 10.0
Armour         | 4 5 7 8 9 10 | 10.7
Shields        | 6 7 8 |  8.1

Action                     |  1- 3 |  4- 6 |  7- 9 | 10-12 | 13-15 || total
---------------------------+-------+-------+-------+-------+-------++-------
  Melee: War axe           |    58 |       |       |       |       ||    58
         Broad axe         |    43 |   195 |   245 |   517 |   991 ||  1991
         Morningstar       |       |       |       |     7 |       ||     7
         Demon whip        |       |       |       |       |     6 ||     6
  Throw: Javelin           |       |    26 |    34 |    66 |   159 ||   285
         Boomerang         |       |       |       |    46 |    67 ||   113
 Invoke: Heroism           |       |       |    12 |    27 |    23 ||    62
         Finesse           |       |       |       |     3 |     8 ||    11
    Use: Scroll            |     2 |     7 |     8 |     9 |     6 ||    32
         Potion            |       |       |     2 |       |     1 ||     3
 Armour: Scale mail        |    22 |       |       |       |       ||    22
         Chain mail        |    38 |   175 |    69 |       |   447 ||   729
         Plate armour      |       |       |   141 |   420 |   212 ||   773
  Dodge: Dodged            |    34 |    84 |    83 |   197 |   323 ||   721
  Block: Buckler           |    24 |    41 |   104 |   125 |   215 ||   509
         Reflection        |       |       |     5 |       |       ||     5

Table legend:
 A = Non-vault XP
 B = Vault XP
 C = Vault XP percentage of total XP
 D = Non-vault monster count
 E = Vault monster count
 F = Vault count percentage of total count
                 A         B        C        D         E       F
            +---------+---------+-------+---------+---------+-------
      Total |   81922 |   38304 |  31.9 |     381 |     152 |  28.5
            +---------+---------+-------+---------+---------+-------
        D:1 |      30 |       0 |   0.0 |      17 |       0 |   0.0
        D:2 |      44 |      37 |  45.7 |      18 |      13 |  41.9
        D:3 |      54 |       8 |  12.9 |      18 |       3 |  14.3
        D:4 |     247 |      34 |  12.1 |      22 |       5 |  18.5
        D:5 |     928 |     612 |  39.7 |      20 |       5 |  20.0
        D:6 |     372 |       0 |   0.0 |      20 |       0 |   0.0
        D:7 |     303 |       0 |   0.0 |       6 |       0 |   0.0
        D:8 |     893 |       0 |   0.0 |      14 |       0 |   0.0
        D:9 |    2779 |    2690 |  49.2 |      27 |      14 |  34.1
       D:10 |    3548 |     572 |  13.9 |      16 |      17 |  51.5
       D:11 |    2857 |       0 |   0.0 |      20 |       0 |   0.0
       D:12 |    6910 |    2801 |  28.8 |      19 |       6 |  24.0
       D:13 |    7269 |    4181 |  36.5 |      19 |      14 |  42.4
       D:14 |   11242 |       0 |   0.0 |      18 |       0 |   0.0
       D:15 |   15173 |       0 |   0.0 |      27 |       0 |   0.0
     Lair:1 |    3408 |       0 |   0.0 |       9 |       0 |   0.0
     Lair:2 |    2881 |    3612 |  55.6 |      11 |      17 |  60.7
     Lair:3 |    6571 |    5110 |  43.7 |      14 |      10 |  41.7
     Lair:4 |    7285 |       0 |   0.0 |      32 |       0 |   0.0
     Lair:5 |    8251 |   10610 |  56.3 |      32 |      24 |  42.9
    Abyss:2 |     877 |    1019 |  53.7 |       2 |       2 |  50.0
      Sewer |       0 |     151 | 100.0 |       0 |       6 | 100.0
   Gauntlet |       0 |    6867 | 100.0 |       0 |      16 | 100.0
            +---------+---------+-------+---------+---------+-------
